 Dungeon Crawl Stone Soup version 0.21-a0-216-g6d3fd91 (webtiles) character file.

11587 Cuddlewings the Carver (level 11, -8/102 HPs)
             Began as a Barachi Fighter on Aug 23, 2017.
             Was an Elder of Nemelex Xobeh.
             Mangled by a fire elemental (13 damage)
             ... led by Azrael
             ... on level 12 of the Dungeon.
             The game lasted 00:34:57 (13290 turns).

Cuddlewings the Carver (Barachi Fighter)           Turns: 13290, Time: 00:34:57

Health: -8/102     AC: 21    Str: 21    XL:     11   Next: 80%
Magic:  18/18      EV:  5    Int:  9    God:    Nemelex Xobeh [****..]
Gold:   843        SH:  9    Dex: 11    Spells: 10/10 levels left

rFire    . . .     SeeInvis .   D - +10 falchion of Yttos {distort, rN++ MR++}
rCold    . . .     Gourm    .   c - +0 shield
rNeg     + + .     Faith    +   b - +0 plate armour (curse)
rPois    +         Spirit   .   u - +0 helmet
rElec    .         Reflect  .   h - +1 cloak
rCorr    .         Harm     .   (no gloves)
MR       ++...                  (no boots)
Stlth    ..........             r - amulet of faith
HPRegen  0.27/turn              g - ring of magical power
MPRegen  0.16/turn              U - ring of poison resistance

@: can't hop, slow
A: +LOS, swims, yellow scales 1, low mp 1, poison resistance, robust 1, slowness
1, wild magic 1, strong legs 1
a: Hop, Triple Draw, Deal Four, Renounce Religion


You were on level 12 of the Dungeon.
You worshipped Nemelex Xobeh.
Nemelex Xobeh was greatly pleased with you.
You were not hungry.

You visited 2 branches of the dungeon, and saw 13 of its levels.
You also visited: Ossuary.

You collected 865 gold pieces.
You spent 22 gold pieces at shops.

Inventory:

Hand Weapons
 D - the +10 falchion of Yttos (weapon) {distort, rN++ MR++}
   (You found it on level 8 of the Dungeon)

   It warps and distorts space around it.
   Unwielding it can cause banishment or high damage.
   It greatly protects you from negative energy.
   It affects your resistance to hostile enchantments.
Missiles
 M - 5 javelins of penetration (quivered)
Armour
 b - a cursed +0 plate armour (worn)
 c - a +0 shield (worn)
 h - a +1 cloak (worn)
 u - a +0 helmet (worn)
 J - the +3 ring mail of Autotheism {rN+}
   (You found it on level 7 of the Dungeon)

   It protects you from negative energy.
 L - the +0 ring mail of the Iron City of Dis {rF+ Int+5}
   (You found it on level 8 of the Dungeon)

   It affects your intelligence (+5).
   It protects you from fire.
Jewellery
 g - a ring of magical power (left hand)
 r - an amulet of faith (around neck)
 B - an uncursed ring of flight
 H - an uncursed amulet of magic regeneration {unknown}
 U - a ring of poison resistance (right hand)
 X - an uncursed ring of protection from fire
Wands
 d - a wand of iceblast (0/15)
 m - a wand of iceblast (8/15)
 p - a wand of iceblast (5/15)
 A - a wand of confusion (22/48)
 S - a wand of flame (25/48)
 V - a wand of lightning (8/15)
Scrolls
 e - 3 scrolls of amnesia
 i - 4 scrolls of enchant armour
 j - 7 scrolls of teleportation
 l - 4 scrolls of fog
 s - 11 scrolls of identify
 w - 2 scrolls of magic mapping
 x - 3 scrolls of immolation
 y - a scroll of fear
 G - 2 scrolls of enchant weapon
 I - a scroll of brand weapon {unknown}
 N - 3 scrolls of recharging {unknown}
Potions
 o - 5 potions of curing
 t - a potion of mutation {unknown}
 v - a potion of brilliance {unknown}
 E - a potion of resistance
 F - 4 potions of haste
 Q - a potion of berserk rage {unknown}
 R - 2 potions of agility {unknown}
Books
 z - the Compendium of Excruciating Intoxication
   (You found it on level 5 of the Dungeon)

   Spells                             Type                      Level
   a - Poisonous Vapours              Poison/Air                   2
   b - Fireball                       Conjuration/Fire             5
Miscellaneous
 a - a plain deck of destruction {drawn: 1}
 K - a plain deck of summoning
 O - a plain deck of destruction
 P - a fan of gales
 T - a plain deck of summoning {drawn: 2}
 W - a plain deck of summoning
 Z - a legendary deck of destruction
Comestibles
 f - 5 bread rations
 n - 16 fruits
 q - 7 royal jellies
 C - 6 meat rations


   Skills:
 - Level 11.1 Fighting
 * Level 14.9 Long Blades
 + Level 11.5 Armour
 + Level 4.1 Shields


You had 10 spell levels left.
You didn't know any spells.

Dungeon Overview and Level Annotations

Branches:
Dungeon (12/15)            Temple (1/1) D:7            Lair (0/6) D:10
    Orc: D:9-12

Altars:
Ashenzari
Cheibriados
Dithmenos
Elyvilon
Fedhas
Gozag
Kikubaaqudgha
Makhleb
Nemelex Xobeh
Okawaru
Qazlal
Ru
Sif Muna
Trog
Wu Jian
Xom
Yredelemnul
Zin
The Shining One

Shops:
D:5 *((   D:7 =([[*   D:8 ?

Annotations:
D:2 Sigmund
D:6 2 transporters
D:12 Azrael


Innate Abilities, Weirdness & Mutations

Shadows flee at your approach. (+LOS)
You can swim through water.
You cover ground slowly.
You can hop short distances.
You are partially covered in yellow scales. (AC +2)
Your magical capacity is low. (-10% MP)
Your system is resistant to poisons. (rPois)
You are robust. (+10% HP)
Your spells are a little harder to cast, but a little more powerful.


Message History

Evoke which item? (* to show all) (? for menu, Esc to quit)
That's the wrong kind of item! (Use * to select it.) Evoke which item? (* to show all) (? for menu, Esc to quit)
Evoke which item? (* to show all) (? for menu, Esc to quit)
Evoke which item? (* to show all) (? for menu, Esc to quit)
Evoke which item? (* to show all) (? for menu, Esc to quit)
Aiming: Iceblast
Press: ? - help, Shift-Dir - straight line The mass of ice explodes!
The iceblast engulfs the fire elemental.
The fire elemental is frozen!
The fire elemental is almost destroyed.
This wand has 8 charges left.
You are engulfed in blazing flames.
* * * LOW HITPOINT WARNING * * *
You block the fire elemental's attack.
You feel better.
You are engulfed in blazing flames.
* * * LOW HITPOINT WARNING * * *
The fire elemental hits you. The fire elemental burns you!
You die...
Your body glows with a rainbow of weird colours and disappears.

#.##.......#
#..#......##
#.§.......#
#.........#
#.§.......#
#.R(.....##
#........#
#...E....#
#.#..@..##
#..#.....#
#..##....#
#..###..##
##.......##
#.........##
##.........<#
###...........#
...............#


You could see Azrael and a fire elemental.

Vanquished Creatures
  A hydra (D:11)
  3 two-headed ogres
  Pikel (D:7)
  An ugly thing (D:10)
  Maurice (D:8)
  Psyche (D:10)
  Grinder (D:5)
  A hornet (D:11)
  4 hippogriffs
  2 wyverns
  A fire elemental (D:12)
  3 yaks (D:9)
  A hungry ghost (D:8)
  3 wargs (D:10)
  Menkaure (D:6)
  A water moccasin (D:5)
  2 sky beasts
  An orc warrior (D:10)
  A slave (D:7)
  A black bear (D:7)
  3 phantoms
  A necrophage (D:11)
  6 centaurs
  10 ogres
  A big kobold (D:11)
  4 elf zombies (Ossuary)
  6 bullfrogs
  2 scorpions
  7 killer bees
  A howler monkey (D:4)
  5 jellies
  4 crimson imps
  7 centaur zombies
  A bullfrog zombie (D:5)
  4 hounds
  3 human zombies (Ossuary)
  6 orc wizards
  2 orc priests
  3 bullfrog skeletons
  3 iguanas
  Terence (D:1)
  Ijyb (D:3)
  Natasha (D:1)
  7 worker ants
  A hound skeleton (D:8)
  A hound zombie (D:10)
  4 mummies
  A howler monkey skeleton (D:9)
  A worker ant zombie (D:11)
  10 adders
  2 gnolls (D:7)
  2 shadow imps
  An ooze (D:4)
  2 adder skeletons
  An adder zombie (D:5)
  3 worms
  A dart slug (D:5)
  4 leopard geckos
  18 orcs
  6 bats
  4 giant cockroaches
  2 gnoll zombies (D:3)
  7 goblins
  7 hobgoblins
  16 jackals
  8 quokkas
  A ball python (D:5)
  4 frilled lizards
  7 kobolds
  A leopard gecko skeleton (D:5)
  A quokka skeleton (D:5)
  6 rats
242 creatures vanquished.

Vanquished Creatures (collateral kills)
  An orc priest (D:10)
1 creature vanquished.

Vanquished Creatures (others)
  A fire elemental (D:12)
  A slave (D:7)
  A jackal (D:10)
3 creatures vanquished.

Grand Total: 246 creatures vanquished

Notes
Turn   | Place    | Note
-------+----------+-------------------------------------------
     0 | D:1      | Cuddlewings the Barachi Fighter began the quest for the Orb.
     0 | D:1      | Reached XP level 1. HP: 18/18 MP: 1/1
   288 | D:1      | Reached XP level 2. HP: 24/25 MP: 2/2
   390 | D:1      | Reached skill level 3 in Long Blades
   761 | D:2      | Noticed Terence
   761 | D:2      | Noticed Natasha
   769 | D:1      | Killed Natasha
   769 | D:1      | Reached XP level 3. HP: 10/30 MP: 3/3
   985 | D:1      | Killed Terence
   985 | D:1      | Reached skill level 4 in Long Blades
   985 | D:1      | Reached XP level 4. HP: 19/38 MP: 4/4
  1433 | D:2      | Found a snail-covered altar of Cheibriados.
  1442 | D:2      | Found an ancient bone altar of Kikubaaqudgha.
  1443 | D:2      | Noticed Sigmund
  1454 | D:2      | Found a shadowy altar of Dithmenos.
  1856 | D:3      | Reached XP level 5. HP: 36/43 MP: 5/5
  1909 | D:3      | Noticed Ijyb
  1953 | D:3      | Killed Ijyb
  1957 | D:3      | Reached skill level 5 in Long Blades
  2707 | D:3      | Found a basalt altar of Yredelemnul.
  2838 | D:4      | Found a bloodstained altar of Trog.
  2838 | D:4      | Noticed an ogre
  2845 | D:4      | Killed an ogre
  2845 | D:4      | Reached skill level 5 in Fighting
  2845 | D:4      | Reached skill level 5 in Armour
  2845 | D:4      | Reached XP level 6. HP: 48/51 MP: 6/6
  2947 | D:4      | Reached skill level 6 in Long Blades
  3270 | D:4      | Reached XP level 7. HP: 11/56 MP: 7/7
  3888 | D:4      | Reached skill level 7 in Long Blades
  3968 | D:4      | Found a glowing golden altar of the Shining One.
  4372 | D:4      | Found a burning altar of Makhleb.
  4919 | D:4      | Found a deep blue altar of Sif Muna.
  4966 | D:5      | Entered Level 5 of the Dungeon
  4966 | D:5      | Found a shimmering altar of Xom.
  5010 | D:5      | Noticed Grinder
  5020 | D:5      | Paralysed by Grinder for 3 turns
  5028 | D:5      | Paralysed by Grinder for 7 turns
  5055 | D:5      | Reached skill level 8 in Long Blades
  5055 | D:5      | Reached XP level 8. HP: 18/65 MP: 8/8
  5352 | D:5      | Paralysed by Grinder for 3 turns
  5359 | D:5      | Killed Grinder
  5507 | D:5      | Found Losid Kiunk's Antique Weapon Boutique.
  5527 | D:5      | Found a shattered altar of Ashenzari.
  5726 | D:5      | Reached skill level 9 in Long Blades
  5730 | D:5      | Found an opulent altar of Gozag.
  5831 | D:5      | Found Pugraom's General Store.
  5838 | D:5      | Bought a scroll of fog for 22 gold pieces
  5857 | D:5      | Identified the Compendium of Excruciating Intoxication
  6345 | D:5      | Found Yheghuo's Antique Weapon Emporium.
  6433 | D:6      | Noticed Menkaure
  6593 | D:6      | Killed Menkaure
  6714 | D:6      | Got a bloodstained mace
  6715 | D:6      | Identified the +0 mace of Context {distort, rPois} (You found it on level 6 of the Dungeon)
  6835 | D:6      | Found a stormy altar of Qazlal.
  6836 | D:6      | Noticed a cyclops
  6836 | D:6      | Noticed a shadow
  6837 | D:6      | Found a transporter.
  6847 | D:6      | Found a transporter.
  7027 | D:6      | Found a blossoming altar of Fedhas.
  7122 | D:6      | Reached XP level 9. HP: 72/72 MP: 9/9
  7370 | D:6      | Reached skill level 10 in Long Blades
  7456 | D:7      | Found Pits's Jewellery Shoppe.
  7737 | D:7      | Found a sand-covered staircase.
  7750 | Ossuary  | Entered an ossuary
  8052 | Ossuary  | Reached skill level 11 in Long Blades
  8466 | D:7      | Found a staircase to the Ecumenical Temple.
  8476 | Temple   | Entered the Ecumenical Temple
  8497 | Temple   | Became a worshipper of Nemelex Xobeh the Trickster
  8548 | D:7      | Found Esepn's Antique Weapon Emporium.
  8549 | D:7      | Received a gift from Nemelex Xobeh
  8576 | D:7      | Found Hagre's Armour Boutique.
  8603 | D:7      | Found Naelyup's Armour Shoppe.
  8616 | D:7      | Noticed Pikel
  8647 | D:7      | Killed Pikel
  8647 | D:7      | Reached XP level 10. HP: 33/83 MP: 10/10
  8653 | D:7      | Found Zaedei's General Store.
  9014 | D:7      | Got a fine ring mail
  9235 | D:7      | Noticed a two-headed ogre
  9244 | D:7      | Killed a two-headed ogre
  9244 | D:7      | Reached skill level 12 in Long Blades
  9820 | D:8      | Noticed Maurice
  9845 | D:8      | Killed Maurice
  9875 | D:8      | Received a gift from Nemelex Xobeh
  9955 | D:8      | Reached * piety under Nemelex Xobeh
 10035 | D:8      | Found a white marble altar of Elyvilon.
 10095 | D:8      | Got a bloodstained ring mail
 10283 | D:8      | Got a twisted falchion
 10284 | D:8      | Identified the +10 falchion of Yttos {distort, rN++ MR++} (You found it on level 8 of the Dungeon)
 10561 | D:8      | Found Qurrixta's Magic Scroll Shop.
 10650 | D:9      | Reached ** piety under Nemelex Xobeh
 10665 | D:9      | Reached skill level 10 in Armour
 10670 | D:9      | Reached skill level 10 in Fighting
 10670 | D:9      | Reached skill level 13 in Long Blades
 10707 | D:9      | Received a gift from Nemelex Xobeh
 10725 | D:9      | Gained mutation: Your system is resistant to poisons. (rPois) [mutagenic meat]
 10726 | D:9      | Gained mutation: Your magical capacity is low. (-10% MP) [mutagenic meat]
 10832 | D:9      | Noticed a two-headed ogre
 10858 | D:9      | Killed a two-headed ogre
 11066 | D:9      | Reached XP level 11. HP: 92/92 MP: 9/9
 11103 | D:9      | Identified the +3 ring mail of Autotheism {rN+} (You found it on level 7 of the Dungeon)
 11113 | D:9      | Identified the cursed +0 ring mail of the Iron City of Dis {rF+ Int+5} (You found it on level 8 of the Dungeon)
 11317 | D:9      | Received a gift from Nemelex Xobeh
 11333 | D:10     | Entered Level 10 of the Dungeon
 11352 | D:10     | Noticed Psyche
 11357 | D:10     | Killed Psyche
 11366 | D:10     | Found a staircase to the Lair.
 11377 | D:10     | Reached *** piety under Nemelex Xobeh
 11893 | D:10     | Received a gift from Nemelex Xobeh
 11939 | D:10     | Reached skill level 14 in Long Blades
 12192 | D:10     | Noticed a two-headed ogre
 12200 | D:10     | Killed a two-headed ogre
 12211 | D:10     | Gained mutation: Your spells are a little harder to cast, but a little more powerful. [mutagenic meat]
 12212 | D:10     | Gained mutation: You are robust. (+10% HP) [mutagenic meat]
 12213 | D:10     | Gained mutation: You are partially covered in yellow scales. (AC +2) [mutagenic meat]
 12466 | D:10     | Received a gift from Nemelex Xobeh
 12554 | D:10     | Noticed a red ugly thing
 12562 | D:10     | Killed a red ugly thing
 12959 | D:11     | Reached **** piety under Nemelex Xobeh
 12959 | D:11     | Received a gift from Nemelex Xobeh
 13047 | D:11     | Noticed a five-headed hydra
 13055 | D:11     | Killed a nine-headed hydra
 13259 | D:12     | Noticed Azrael
 13290 | D:12     | HP: 5/102 [fire elemental][Azrael] (8)]
 13290 | D:12     | Mangled by a fire elemental

Vault maps used:
D:1:      evilmike_arrival_sounds_zot, minmay_misc_feat_doors
D:2:      nicolae_overflow_hidden_temple, serial_forest,
          infiniplex_forest_lined_1, infiniplex_forest_lined_room_,
          infiniplex_forest_straight_4, infiniplex_forest_clump_medium,
          infiniplex_forest_clump_double, infiniplex_forest_clump_large,
          uniq_terence, uniq_natasha, uniq_sigmund
D:3:      lemuel_zombie_altar_yredelemnul, uniq_ijyb
D:4:      kennysheep_mini, tso_altar, lemuel_round_altar, bloody_trog,
          first_bread
D:5:      cheibrodos_ashenzari_chains, grunt_gozag_breadcrumbs, basic_altar,
          serial_shops, shop, kennysheep_little_box, shop, uniq_grinder
D:6:      gammafunk_temple_overflow_arena, fedhas_altar_4, uniq_menkaure
D:7:      minmay_temple_entry_mist, enter_bailey_3, serial_shops,
          nicolae_shop_statue_plus, shop, shop, shop_statue, shop,
          gup_ossuary_entry_pyramid, grunt_ogre_cave, sigmund_army, uniq_pikel
D:8:      overflow_temple_1_default, serial_shops, nicolae_shop_waterfront,
          palyth_stone_intersect, uniq_maurice
D:10:     erik_lair_orcish_takeover, uniq_psyche
D:11:     hangedman_decor_growths, minmay_misc_feat_rows
D:12:     hiddenorc2_lemuel, basic_altar, serial_shops, kennysheep_mini_moat,
          uniq_frances, uniq_kirke, uniq_azrael
Temple:   compressed_dpeg_triangle_lava_temple
Ossuary:  ossuary_minmay_four_chambers

Skill      XL: |  1  2  3  4  5  6  7  8  9 10 11 |
---------------+----------------------------------+-----
Long Blades    | 3 4 5 6 8 9 11 13 14 | 14.9
Fighting       | 4 5 6 7 9 10 11 | 11.1
Armour         | 4 5 6 7 9 10 11 | 11.5
Shields        | 4 |  4.1

Action                   |  1- 3 |  4- 6 |  7- 9 | 10-12 || total
-------------------------+-------+-------+-------+-------++-------
Melee: Long sword        |    46 |   261 |   507 |    75 ||   889
       Falchion          |       |       |       |   246 ||   246
 Abil: Hop               |       |     1 |     3 |     2 ||     6
Evoke: Wand              |       |     2 |     7 |     1 ||    10
       Deck              |       |       |       |     7 ||     7
  Use: Scroll            |       |     6 |     6 |     8 ||    20
       Potion            |       |     4 |     3 |     2 ||     9
 Stab: Petrified         |       |       |       |     2 ||     2
       Distracted        |       |       |       |     1 ||     1
       Petrifying        |       |       |       |     1 ||     1
  Eat: Chunk             |       |     9 |    11 |    23 ||    43
       Meat ration       |       |       |     1 |       ||     1
       Bread ration      |       |       |     1 |       ||     1
Armor: Scale mail        |    26 |     4 |       |       ||    30
       Chain mail        |       |   203 |   112 |       ||   315
       Ring mail         |       |       |    59 |    84 ||   143
       Plate armour      |       |       |       |    28 ||    28
Dodge: Dodged            |     7 |    74 |   101 |    84 ||   266
Block: Shield            |    16 |   179 |   155 |   111 ||   461
       Rpst.: Long sword |     7 |    24 |    27 |     3 ||    61
       Falchion          |       |       |       |    18 ||    18

Table legend:
 A = Spawn XP
 B = Non-spawn XP
 C = Spawn XP percentage of total XP
 D = Spawn monster count
 E = Non-spawn monster count
 F = Spawn count percentage of total count
 G = Total turns spent on level
                    A         B        C        D         E        F      G
               +---------+---------+-------+---------+---------+-------+---------
         Total |    2552 |   14001 |  15.4 |      46 |     198 |  18.9 | 13290
               +---------+---------+-------+---------+---------+-------+---------
           D:1 |      11 |      84 |  11.6 |       6 |      10 |  37.5 |  1138
           D:2 |       6 |      36 |  14.3 |       3 |       7 |  30.0 |   536
           D:3 |       7 |     119 |   5.6 |       3 |      28 |   9.7 |  1139
           D:4 |     134 |     743 |  15.3 |       8 |      18 |  30.8 |  2418
           D:5 |     154 |     593 |  20.6 |       6 |      12 |  33.3 |  1291
           D:6 |      13 |     704 |   1.8 |       1 |       9 |  10.0 |   934
           D:7 |    1051 |    1607 |  39.5 |       3 |      23 |  11.5 |  1606
           D:8 |     183 |    1200 |  13.2 |       3 |      11 |  21.4 |   837
           D:9 |      16 |    1952 |   0.8 |       1 |      11 |   8.3 |   684
          D:10 |     935 |    3369 |  21.7 |      11 |      36 |  23.4 |  1232
          D:11 |      42 |    2407 |   1.7 |       1 |      16 |   5.9 |   656
          D:12 |       0 |     379 |   0.0 |       0 |       2 |   0.0 |    69
       Ossuary |       0 |     808 |   0.0 |       0 |      15 |   0.0 |   706
               +---------+---------+-------+---------+---------+-------+---------
